 Dungeon Crawl Stone Soup version 0.30.0-19-g36f170ea60 (webtiles) character file.

Game seed: 65322155275734793

1256 cdecastro the Grappler (level 8, -2/55 (59) HPs)
             Began as a Red Draconian Transmuter on May 27, 2023.
             Was a Believer of Uskayaw.
             Slain by a wight
             ... wielding a +5 morningstar
              (7 damage)
             ... on level 6 of the Dungeon.
             The game lasted 00:14:35 (5930 turns).

cdecastro the Grappler (Red Draconian Transmuter)   Turns: 5930, Time: 00:14:36

HP:   -2/55 (59)    AC:  6    Str: 16    XL:     8   Next: 26%
MP:   9/11          EV: 12    Int: 13    God:    Uskayaw [**....]
Gold: 203           SH:  0    Dex: 11    Spells: 1/11 levels left

rFire   + .          .
                       - Unarmed
rCold   . . .        (no shield)
rNeg    . . .        (body armour unavailable)
rPois   .            (helmet currently unavailable)
rElec   .            (no cloak)
rCorr   .            (no gloves)
SInv    .            (boots currently unavailable)
Will    .....        h - amulet of faith
Stlth   +            i - ring of flight
HPRegen 0.29/turn    (no ring)
MPRegen 0.12/turn

%: faith
@: appendages (expiring), wereblooded, flying, drained
A: horns 2, talons 2, breathe fire, AC +6, unfitting armour, fire resistance 1,
cold-blooded
a: Breathe Fire, End Transformation, Renounce Religion, Stomp, Line Pass


You were on level 6 of the Dungeon.
You worshipped Uskayaw.
Uskayaw was noncommittal.
You had temporarily grown beastly horns and talons.
You visited 2 branches of the dungeon, and saw 7 of its levels.

You collected 203 gold pieces.

Inventory:

Missiles
 r - 8 boomerangs
 C - 2 javelins
 D - 6 poisoned darts
Jewellery
 h - an amulet of faith (around neck)
 i - a ring of flight (left hand)
Wands
 g - a wand of flame (14)
 y - a wand of acid (8)
 A - a wand of polymorph (7)
Scrolls
 e - 2 scrolls of noise {unknown}
 k - a scroll of fog {unknown}
 l - a scroll of amnesia {unknown}
 m - 5 scrolls of teleportation
 n - a scroll of fear {unknown}
 o - a scroll of butterflies {unknown}
 q - a scroll of torment {unknown}
 u - a scroll of poison {unknown}
 v - a scroll of blinking {unknown}
 x - a scroll of magic mapping {unknown}
 B - a scroll of immolation {unknown}
 E - a scroll of enchant armour {unknown}
 F - a scroll of enchant weapon {unknown}
Potions
 a - 2 potions of lignification
 b - a potion of might
 c - 3 potions of heal wounds
 d - 2 potions of attraction
 f - 4 potions of mutation {unknown}
 j - a potion of resistance
 p - 3 potions of curing
 s - a potion of berserk rage {unknown}
 t - a potion of brilliance {unknown}
 w - a potion of ambrosia {unknown}
 z - a potion of flight {unknown}


   Skills:
 - Level 1.1 Fighting
 - Level 1.7 Dodging
 * Level 8.8 Unarmed Combat
 - Level 2.0 Spellcasting
 + Level 6.0 Transmutations


You had one spell level left.
You knew the following spells:

 Your Spells              Type           Power      Damage    Failure   Level
a - Beastly Appendage     Tmut           34%        N/A       2%          1
b - Wereblood             Tmut           17%        N/A       3%          2
c - Spider Form           Tmut/Pois      9%         N/A       22%         3
d - Ice Form              Ice/Tmut       9%         N/A       58%         4

Your spell library contained the following spells:

 Spells                   Type           Power      Damage    Failure   Level
 Slow                     Hex            4%         N/A       26%         1
 Lesser Beckoning         Tloc           2%         N/A       36%         2
 Poisonous Vapours        Pois/Air       2%         N/A       36%         2
 Call Canine Familiar     Summ           1%         N/A       58%         3
 Confusing Touch          Hex            1%         N/A       58%         3
 Gell's Gravitas          Tloc           1%         N/A       58%         3
 Mephitic Cloud           Conj/Pois/Air  1%         N/A       58%         3
 Ozocubu's Armour         Ice            1%         N/A       58%         3
 Portal Projectile        Hex/Tloc       2%         N/A       58%         3
 Stone Arrow              Conj/Erth      2%         3d7       58%         3
 Teleport Other           Tloc           1%         N/A       58%         3
 Vampiric Draining        Necr           1%         2d6       58%         3
 Leda's Liquefaction      Hex/Erth       0%         N/A       94%         4
 Freezing Cloud           Conj/Ice/Air   0%         6-21      100%        5
 Metabolic Englaciation   Hex/Ice        0%         N/A       100%        5
 Simulacrum               Ice/Necr       0%         N/A       100%        6
 Lehudib's Crystal Spear  Conj/Erth      0%         10d2      100%        8
 Animate Armour           Summ/Erth      Unusable   N/A       N/A         4

Dungeon Overview and Level Annotations

Branches:
Dungeon (6/15)             Temple (1/1) D:4

Altars:
Ashenzari
Hepliaklqana
Makhleb
Nemelex Xobeh
Qazlal
Uskayaw
Vehumet
Wu Jian
Zin

Shops:
D:1 ?   D:3 [

Annotations:
D:1 1 transporter


Innate Abilities, Weirdness & Mutations

You have temporarily grown beastly horns and talons.
You can breathe blasts of fire.
Your fiery red scales are hard. (AC +6)
You cannot fit into any form of body armour.
Your flesh is heat resistant. (rF+)
You are cold-blooded and may be slowed by cold attacks.


Message History

The wight is lightly damaged.
You have got your breath back.
Unknown command.
You closely miss the wight. Your kick misses the wight.
Your headbutt misses the wight.
The wight is lightly damaged.
The wight hits you with a +5 morningstar!
You feel drained.
You hit the wight. Your headbutt misses the wight.
The wight is moderately damaged.
The wight hits you with a +5 morningstar!!
* * * LOW HITPOINT WARNING * * *
You feel drained.
* * * LOW HITPOINT WARNING * * *
You can now pass through a line of other dancers.
You hit the wight but do no damage. Your kick misses the wight.
Your headbutt misses the wight.
The wight is moderately damaged.
The wight hits you with a +5 morningstar.
* * * LOW HITPOINT WARNING * * *
Unknown command.
You hit the wight but do no damage. Your kick misses the wight.
Your headbutt misses the wight. You punch the wight.
The wight is heavily damaged.
Unknown command.
You barely miss the wight. Your kick misses the wight.
The wight is heavily damaged.
The wight misses you.
Unknown command.
You completely miss the wight. Your kick misses the wight.
You tail-slap the wight.
The wight is heavily damaged.
Your transformation is almost over.
The wight hits you with a +5 morningstar!
* * * LOW HITPOINT WARNING * * *
Unknown command.
You barely miss the wight.
The wight is heavily damaged.
The wight hits you with a +5 morningstar!
You die...

########## ##
#.@zz.....
..# ####
#.########
#.#.... #.#
#.. ......
#.#
##.###.#.## #
#.# #>..
..... .. #.#
#..###.#.# ..
#.#
#......#.##..
#.#
#..##.......#
#.#
#..###......#


You could see 2 wights.

Vanquished Creatures
  A steam dragon (D:5)
  Duvessa (D:4)
  An ogre (D:6)
  3 scorpions
  A wight (D:6)
  Dowan (D:4)
  A hound (D:5)
  2 orc priests (D:3)
  A jelly (D:6)
  A gnoll bouda (D:4)
  5 iguanas
  A sleepcap (D:5)
  4 orc wizards
  Natasha (thrice) (D:4)
  4 gnolls (D:4)
  3 adders
  A shadow imp (D:5)
  A white imp (D:6)
  An ufetubus (D:5)
  3 worms
  5 dart slugs
  15 orcs
  8 ball pythons
  4 bats
  11 endoplasms
  6 goblins
  10 hobgoblins
  4 kobolds
  6 frilled lizards
  3 rats (D:2)
111 creatures vanquished.

Notes
Turn   | Place    | Note
-------+----------+-------------------------------------------
     0 | D:1      | cdecastro the Draconian Transmuter began the quest for the
                  | Orb.
     0 | D:1      | Reached XP level 1. HP: 16/16 MP: 3/3
   153 | D:1      | Reached XP level 2. HP: 23/23 MP: 3/5
   531 | D:1      | Found a faded altar of an unknown god.
   783 | D:1      | Found Onapp's Magic Scroll Shop.
   866 | D:1      | Prayed at the altar of an unknown god.
   866 | D:1      | Became a worshipper of Uskayaw the Reveller
   866 | D:1      | Reached * piety under Uskayaw
   878 | D:2      | Reached ** piety under Uskayaw
   881 | D:2      | Reached XP level 3. HP: 28/28 MP: 4/6
  1098 | D:2      | Reached skill level 4 in Unarmed Combat
  1911 | D:3      | Learned a level 2 spell: Wereblood
  1915 | D:3      | Learned a level 3 spell: Spider Form
  2080 | D:3      | Found Camareu's Antique Armour Emporium.
  2563 | D:3      | Reached XP level 4. HP: 34/35 MP: 5/7
  2704 | D:3      | Reached *** piety under Uskayaw
  2790 | D:3      | Reached skill level 5 in Unarmed Combat
  2792 | D:3      | Reached XP level 5. HP: 32/40 MP: 5/8
  2794 | D:3      | Reached **** piety under Uskayaw
  2968 | D:4      | HP: 1/40 [orc/+0 mace of protection (6)]
  2976 | D:4      | HP: 2/40 [gnoll/+0 spear[a gnoll bouda] (2)]
  3270 | D:4      | Noticed Natasha
  3277 | D:4      | Killed Natasha
  3325 | D:4      | Found a staircase to the Ecumenical Temple.
  3325 | D:4      | Noticed Duvessa
  3325 | D:4      | Noticed Dowan
  3367 | D:4      | Reached XP level 6. HP: 23/47 MP: 9/9
  3456 | D:4      | Reached skill level 6 in Unarmed Combat
  3481 | D:4      | Noticed Natasha
  3496 | D:4      | Killed Natasha
  3518 | D:4      | Noticed Natasha
  3532 | D:4      | Killed Natasha
  4107 | D:4      | Killed Duvessa
  4108 | D:4      | Your scales start taking on a fiery red colour.
  4108 | D:4      | Reached XP level 7. HP: 46/52 MP: 7/10
  4108 | D:4      | Gained mutation: Your flesh is heat resistant. (rF+) [Red
                  | Draconian growth]
  4166 | D:4      | Reached skill level 7 in Unarmed Combat
  4200 | D:4      | Killed Dowan
  4425 | D:4      | Learned a level 4 spell: Ice Form
  4528 | Temple   | Entered the Ecumenical Temple
  4704 | D:5      | Entered Level 5 of the Dungeon
  4748 | D:5      | Reached skill level 5 in Transmutations
  4753 | D:5      | Noticed a steam dragon
  4766 | D:5      | Killed a steam dragon
  5013 | D:5      | Reached skill level 8 in Unarmed Combat
  5278 | D:5      | Reached XP level 8. HP: 30/59 MP: 11/11
  5529 | D:5      | Identified the +4 scale mail "Oxaylu Udot" {-Tele Harm rF+
                  | rC+}
  5930 | D:6      | Slain by a wight

Illustrated notes

Levels and vault maps discovered:
D:1:      spicycebolla_arrival_risky_transporter, layout_loops_ring,
          serial_shops, nicolae_shop_rolled_up, ebering_ecumenical_altar_box
D:2:      layout_loops_ring, eino_tiny_chamber, grunt_ministairs_10
D:3:      layout_basic, serial_shops, nicolae_shop_just_a_little_nook,
          nicolae_hexahallways
D:4:      layout_cave_pods, minmay_temple_entry_stoned_glass, minmay_puff,
          uniq_duvessa, uniq_natasha
D:5:      layout_loops_ring
D:6:      layout_basic
Temple:   hellmonk_temple_forest_ring

Skill      XL: |  1  2  3  4  5  6  7  8 |
---------------+-------------------------+-----
Unarmed Combat | 4 5 6 8 |  8.8
Transmutations | 3 4 5 6 |  6.0
Fighting       | |  1.1
Dodging        | |  1.7
Spellcasting   | |  2.0

Action                     |  1- 3 |  4- 6 |  7- 9 || total
---------------------------+-------+-------+-------++-------
  Melee: Unarmed           |   102 |   110 |    84 ||   296
         Kick              |    24 |    25 |    15 ||    64
         Tailslap          |     6 |    12 |     8 ||    26
         Headbutt          |    15 |    16 |    12 ||    43
         Punch             |     3 |     7 |     2 ||    12
  Throw: Boomerang         |       |       |     4 ||     4
   Cast: Beastly Appendage |    40 |    17 |    14 ||    71
         Wereblood         |       |     7 |     2 ||     9
 Invoke: Stomp             |       |     1 |     2 ||     3
         Line Pass         |       |     1 |       ||     1
Ability: Breathe Fire      |       |       |     6 ||     6
    Use: Scroll            |       |     7 |       ||     7
         Potion            |       |     3 |       ||     3
   Stab: Paralysed         |       |     4 |     1 ||     5
 Armour: Skin              |    38 |    35 |    32 ||   105
  Dodge: Dodged            |    55 |    95 |    37 ||   187
